 Dungeon Crawl Stone Soup version 0.31-a0-507-gbafd7f5274 (webtiles) character file.

Game seed: 3250020770019902734

1343 ytrimaz the Ruffian (level 8, -3/54 HPs)
             Began as a Demonspawn Shapeshifter on Aug 9, 2023.
             Was a Follower of Makhleb.
             Slain by an ogre
             ... wielding a +0 giant spiked club
              (30 damage)
             ... on level 6 of the Dungeon.
             The game lasted 00:09:25 (6266 turns).

ytrimaz the Ruffian (Demonspawn Shapeshifter)       Turns: 6266, Time: 00:09:25

Health: -3/54      AC:  2    Str: 18    XL:     8   Next: 35%
Magic:  8/8        EV: 12    Int: 10    God:    Makhleb [*.....]
Gold:   88         SH:  0    Dex: 13    Spells: 7/7 levels left

rFire   . .          .
                       - Unarmed
rCold   . . .        (shield currently unavailable)
rNeg    . . .        a - +0 animal skin
rPois   .            (no helmet)
rElec   .            (no cloak)
rCorr   .            (no gloves)
SInv    .            (no boots)
Will    .....        (no amulet)
Stlth   +            (no ring)
HPRegen 0.29/turn    (no ring)
MPRegen 0.11/turn

%: no passive effects
@: flux-form, glowing
A: glow, contaminating, hooves 2, demonic guardian 2
a: Begin Untransformation, Renounce Religion


You were on level 6 of the Dungeon.
You worshipped Makhleb.
Makhleb was aware of your devotion.
You were something dangerously unstable.
You visited 2 branches of the dungeon, and saw 7 of its levels.
You also visited: Sewer.

You collected 335 gold pieces.
You spent 247 gold pieces at shops.


Innate Abilities, Weirdness & Mutations

You are something dangerously unstable.
You glow with magical radiation, making you easy to see and hit.
Foes you strike become dangerously contaminated with magical radiation.
You are incapable of wielding weapons or throwing items.
You have hoof-like feet.
A demonic guardian rushes to your aid.


   Skills:
 + Level 1.5 Fighting
 + Level 2.1 Dodging
 + Level 7.1 Unarmed Combat
 - Level 6.0 Shapeshifting


You had 7 spell levels left.
You didn't know any spells.
Your spell library was empty.

Inventory:

Armour
 a - a +0 animal skin (worn)
Jewellery
 o - a +6 ring of intelligence
   (You found it on level 3 of the Dungeon)
Talismans
 c - a beast talisman
 d - a flux talisman (active)
Wands
 n - a wand of mindburst (9) (quivered)
   (You found it on level 2 of the Dungeon)
 u - a wand of flame (9)
   (You took it off Ijyb on level 4 of the Dungeon)
Scrolls
 e - 3 scrolls of teleportation
 l - a scroll of enchant weapon
 p - 2 scrolls of summoning
 q - a scroll of acquirement {unknown}
 s - a scroll of fog
 w - a scroll of immolation
 y - a scroll of blinking {unknown}
Potions
 b - a potion of lignification
 f - 3 potions of curing
 g - 3 potions of attraction
 h - 2 potions of haste
 i - a potion of brilliance {unknown}
 j - a potion of resistance {unknown}
 k - 2 potions of might {unknown}
 m - 3 potions of ambrosia
 r - a potion of invisibility {unknown}
 t - a potion of enlightenment
 v - 3 potions of heal wounds {unknown}
 x - a potion of magic {unknown}

Dungeon Overview and Level Annotations

Branches:
Dungeon (6/15) Zot: 26538  Temple (1/1) D:4 Zot: 5983   Sewer (visited)

Altars:
Ashenzari
Cheibriados
Dithmenos
Fedhas
Gozag
Hepliaklqana
Kikubaaqudgha
Makhleb
Nemelex Xobeh
Okawaru
Qazlal
Ru
Sif Muna
Uskayaw
Wu Jian
Xom
Yredelemnul

Shops:
D:2 ===[:   D:4 !=(?:

Annotations:
D:6 1 transporter

##### ##### #####... ...##
#. ####...#.# ##...## .h.
##........######.....##..#.
#...........BO..h..........
#.###._.###.4###....<###
#...#...#....# ##..$##
#.##.##.#.######.##
#.......#..... ....
#.####.####.#.# ##.###
#.......†.)...# #.#
#.####.####.### ..#
#.......#.# #.#


You could see an ogre (contam, ally target), a hound and a friendly rust devil
(summoned).


Message History

Found a stone staircase leading down.
A hound is nearby!
A hound is nearby!
The hound bites you. 😕 HP[-4]
You take 4 damage, and now have 48/54 hp.
You hit the hound.
The hound begins to glow.
Your kick misses the hound. The hound closely misses you.
You hit the hound.
The hound glows dangerously bright.
The hound bites you but does no damage.
Unknown command.
You hit the hound.
The hound shudders as magic cascades through it!!
You kill the hound!
Makhleb accepts your kill.
Your Dodging skill increases to level 2!
No target in view!
The gnoll shouts!
You hear a shout! 😕 HP[+1] No reachable target in view!
Unknown command.
You now have 88 gold pieces (gained 3).
y - a scroll labelled BETTADUPPO 😎 HP[+5]
Your hp is fully restored (54).
Found a blossoming altar of Fedhas.
There is a blossoming altar of Fedhas here.
Found a sparkling altar of Nemelex Xobeh.
A hound comes into view.
The hound barks!
The hound moves out of view.
A hound is nearby!
You hit the hound.
The hound begins to glow.
The hound bites you. 😕 HP[-2]
You take 2 damage, and now have 52/54 hp.
You hit the hound but do no damage.
The hound glows dangerously bright.
Your kick misses the hound. The hound closely misses you.
The hound barely misses you.
You barely miss the hound. The hound bites you. 😕 HP[-1]
You take 1 damage, and now have 51/54 hp.
You hit the hound.
The hound shudders as magic cascades through it!!
You kill the hound!
Makhleb accepts your kill. 😕 HP[+1] No target in view!
An orc comes into view. It is wielding a +0 hand axe.
The orc shouts!
You see here a hound corpse. 😕 HP[+1]
An orc is nearby!
An orc is nearby!
An orc is nearby!
The orc barely misses you.
You hit the orc but do no damage.
The orc begins to glow.
The orc misses you.
You hit the orc but do no damage.
The orc glows dangerously bright.
The orc hits you with a +0 hand axe. 😕 HP[-3]
You take 3 damage, and now have 50/54 hp.
You hit the orc.
The orc shudders as magic cascades through it!
You kill the orc!
Makhleb accepts your kill. 😕 HP[+1] Key pressed, stopping explore.
No target in view!
Things that are here:
a +0 hand axe; a +0 leather armour; an orc corpse
Things that are here:
a +0 hand axe; a +0 leather armour; an orc corpse You see here a hound corpse.
g - 3 potions of attraction (gained 1) Key pressed, stopping explore.
Found a stone staircase leading up. 😎 HP[+3]
Your hp is fully restored (54).
You drop 3 potions of curing.
Unknown command.
An ogre comes into view. It is wielding a +0 giant spiked club.
The ogre shouts!
A hound comes into view.
There are monsters nearby!
There are monsters nearby!
You see here 3 potions of curing.
f - 3 potions of curing The hound barks!
The ogre hits you with a +0 giant spiked club!!
Ouch! That really hurt!
* * * LOW HITPOINT WARNING * * *
A demonic guardian appears! 😨 HP[-27]
You take 27 damage, and now have 27/54 hp.
MASSIVE DAMAGE!! (PAUSE)
You hit the ogre.
The ogre begins to glow.
You kick the ogre.
Unknown command.
The ogre attacks as you move away!
The ogre hits you with a +0 giant spiked club!!
Ouch! That really hurt!
You die...

Skill      XL: |  1  2  3  4  5  6  7  8 |
---------------+-------------------------+-----
Unarmed Combat | 3 4 5 6 7 |  7.1
Shapeshifting  | 3 4 5 6 |  6.0
Dodging        | 2 |  2.1
Fighting       | |  1.5

Action                     |  1- 3 |  4- 6 |  7- 9 || total
---------------------------+-------+-------+-------++-------
  Melee: Unarmed           |    91 |   126 |   146 ||   363
         Kick              |    15 |    32 |    50 ||    97
         Punch             |     1 |     2 |       ||     3
  Evoke: Wand              |       |    12 |       ||    12
    Use: Scroll            |       |     9 |     3 ||    12
         Potion            |       |     3 |       ||     3
   Stab: Sleeping          |     3 |     1 |       ||     4
 Armour: Animal skin       |    21 |    17 |    18 ||    56
         Skin              |       |     1 |       ||     1
  Dodge: Dodged            |    41 |   101 |    92 ||   234
   Form: Flux              |       |       |     1 ||     1

Levels and vault maps discovered:
D:1:      spicycebolla_arrival_ecumenical, layout_loops_ring,
          hangedman_decor_points, minmay_strange_pillars
D:2:      layout_basic, basic_altar, serial_shops, shop, shop,
          nicolae_shop_statue_plus, nicolae_shop_gaudy_bauble,
          nicolae_shop_crystal
D:3:      layout_basic, gup_sewer_entry_bowl, corexii_shack,
          chequers_serial_rivers_small_b, corexii_leaking_fountain,
          feat_on_display
D:4:      layout_basic, minmay_temple_entry_nine_rooms, serial_shops, shop,
          nicolae_shop_waterfront, nicolae_shop_peninsula, shop, shop_coins,
          serial_forest, infiniplex_forest_clump_medium,
          infiniplex_forest_lined_2, infiniplex_forest_end_2,
          infiniplex_forest_end_2, nicolae_nh_ransacked_shop, uniq_grinder,
          uniq_ijyb
D:5:      layout_loops_corners, yredelemnul_forgotten_temple_becter,
          minmay_fire_ice_demons
D:6:      kennysheep_windowed_halls, layout_loops_ring,
          nicolae_dithmenos_shadow_blocks, mainiacjoe_overflow_large_starburst,
          gammafunk_ghost_gnarly_gnolls
Temple:   nicolae_temple_no_exploring_needed

Notes
Turn   | Place    | Note
-------+----------+-------------------------------------------
     0 | D:1      | ytrimaz the Demonspawn Shapeshifter began the quest for the
                  | Orb.
     0 | D:1      | Reached XP level 1. HP: 15/15 MP: 1/1
     0 | D:1      | magus.rc [v1.9.6]
   265 | D:1      | Reached skill level 3 in Unarmed Combat
   265 | D:1      | Gained mutation: You have large cloven feet. [demonic
                  | ancestry]
   265 | D:1      | Reached XP level 2. HP: 21/21 MP: 2/2
   299 | D:1      | Reached skill level 3 in Shapeshifting
   763 | D:1      | Reached XP level 3. HP: 22/26 MP: 3/3
   816 | D:2      | Found Anas's Armour Emporium.
   944 | D:2      | Found Datrus's Book Boutique.
  1325 | D:2      | Found Ettaajia's Jewellery Shop.
  1356 | D:2      | Reached XP level 4. HP: 32/32 MP: 4/4
  1377 | D:2      | Found Tafumemp's Jewellery Emporium.
  1392 | D:2      | Found Qathronk's Jewellery Shoppe.
  2057 | D:3      | Reached skill level 4 in Unarmed Combat
  2073 | D:3      | Found a glowing drain.
  2077 | Sewer    | Entered a sewer
  2098 | Sewer    | Noticed Pargi
  2107 | Sewer    | HP: 4/32 [Pargi (8)]
  2108 | Sewer    | HP: 1/32 [Pargi (3)]
  2109 | Sewer    | Killed Pargi
  2110 | Sewer    | Reached skill level 4 in Shapeshifting
  2110 | Sewer    | Reached XP level 5. HP: 1/37 MP: 5/5
  2671 | D:4      | HP: 7/37 [orc priest/divine providence (12)]
  2674 | D:4      | HP: 2/55 [orc priest/+0 hand axe (4)]
  2681 | D:4      | HP: 2/55 [orc/+0 war axe (8)]
  2683 | D:4      | Gained mutation: A weak demonic guardian rushes to your
                  | aid. [demonic ancestry]
  2683 | D:4      | Reached XP level 6. HP: 2/43 MP: 6/6
  2851 | D:4      | Found Kiakhog's Book Shoppe.
  2857 | D:4      | Found Nob Asi's Magic Scroll Boutique.
  3140 | D:4      | Found Sakutah's Jewellery Shoppe.
  3254 | D:4      | Reached skill level 5 in Unarmed Combat
  3257 | D:4      | HP: 8/43 [orc/+0 flail (8)]
  3259 | D:4      | HP: 2/43 [orc/+0 flail (6)]
  3446 | D:4      | Found Osiclasm's Distillery.
  3493 | D:4      | Bought a potion of ambrosia for 104 gold pieces
  3493 | D:4      | Bought a potion of enlightenment for 65 gold pieces
  3493 | D:4      | Bought a potion of curing for 39 gold pieces
  3493 | D:4      | Bought a potion of curing for 39 gold pieces
  3634 | D:4      | Found a staircase to the Ecumenical Temple.
  3641 | Temple   | Entered the Ecumenical Temple
  3649 | Temple   | Became a worshipper of Makhleb the Destroyer
  3732 | D:4      | Noticed Ijyb
  3746 | D:4      | Killed Ijyb
  3878 | D:4      | Found Cuimocen's Antique Weapon Emporium.
  3939 | D:4      | Noticed Grinder
  3944 | D:4      | Killed Grinder
  3945 | D:4      | Reached skill level 5 in Shapeshifting
  3945 | D:4      | Gained mutation: You have hoof-like feet. [demonic
                  | ancestry]
  3945 | D:4      | Reached XP level 7. HP: 46/48 MP: 7/7
  4153 | D:5      | Entered Level 5 of the Dungeon
  4187 | D:5      | Reached skill level 6 in Unarmed Combat
  4754 | D:5      | Gained mutation: A demonic guardian rushes to your aid.
                  | [demonic ancestry]
  4754 | D:5      | Reached XP level 8. HP: 37/54 MP: 8/8
  4879 | D:5      | HP: 13/52 [something (2)]
  4882 | D:5      | HP: 6/52 [something/magic dart (8)]
  5199 | D:5      | Found a basalt altar of Yredelemnul.
  5288 | D:5      | Reached * piety under Makhleb
  5759 | D:5      | Reached skill level 6 in Shapeshifting
  5799 | D:6      | Found a shadowy altar of Dithmenos.
  5811 | D:6      | Reached skill level 7 in Unarmed Combat
  6142 | D:6      | Reached skill level 2 in Dodging
  6143 | D:6      | Found a transporter.
  6180 | D:6      | Found a blossoming altar of Fedhas.
  6189 | D:6      | Found a sparkling altar of Nemelex Xobeh.
  6266 | D:6      | Slain by an ogre

Vanquished Creatures
  Grinder (D:4)
  Pargi (Sewer)
  A centaur (D:5)
  2 phantoms (D:5)
  2 scorpions (D:5)
  A crimson imp (D:5)
  2 orc priests (D:4)
  7 hounds
  A jelly (D:4)
  Ijyb (D:4)
  3 orc wizards
  A river rat (D:3)
  6 adders
  2 shadow imps
  2 white imps
  2 ufetubi
  2 worms
  2 dart slugs (D:1)
  19 orcs
  11 ball pythons
  7 bats
  7 endoplasms
  7 giant cockroaches
  10 goblins
  9 hobgoblins
  5 jackals
  4 quokkas
  9 frilled lizards
  5 kobolds
  A rat (D:1)
  A spectral orc (D:5)
134 creatures vanquished.

Vanquished Creatures (collateral kills)
  A hound (D:4)
  A dart slug (D:4)
  An orc (D:5)
  A jackal (D:5)
4 creatures vanquished.

Grand Total: 138 creatures vanquished

Table legend:
 A = Non-vault XP
 B = Vault XP
 C = Vault XP percentage of total XP
 D = Non-vault monster count
 E = Vault monster count
 F = Vault count percentage of total count
                 A         B        C        D         E       F
            +---------+---------+-------+---------+---------+-------
      Total |    1283 |     636 |  33.1 |     117 |      21 |  15.2
            +---------+---------+-------+---------+---------+-------
        D:1 |      41 |       0 |   0.0 |      21 |       0 |   0.0
        D:2 |      63 |       0 |   0.0 |      23 |       0 |   0.0
        D:3 |      45 |      19 |  29.7 |      12 |       4 |  25.0
        D:4 |     175 |     394 |  69.2 |      24 |       6 |  20.0
        D:5 |     748 |      61 |   7.5 |      25 |       3 |  10.7
        D:6 |     211 |       0 |   0.0 |      12 |       0 |   0.0
      Sewer |       0 |     162 | 100.0 |       0 |       8 | 100.0
            +---------+---------+-------+---------+---------+-------

Skill      XL: |  1  2  3  4  5  6  7  8 |
---------------+-------------------------+-----
Unarmed Combat | 3 4 5 6 7 |  7.1
Shapeshifting  | 3 4 5 6 |  6.0
Dodging        | 2 |  2.1
Fighting       | |  1.5

Action                     |  1- 3 |  4- 6 |  7- 9 || total
---------------------------+-------+-------+-------++-------
  Melee: Unarmed           |    91 |   126 |   146 ||   363
         Kick              |    15 |    32 |    50 ||    97
         Punch             |     1 |     2 |       ||     3
  Evoke: Wand              |       |    12 |       ||    12
    Use: Scroll            |       |     9 |     3 ||    12
         Potion            |       |     3 |       ||     3
   Stab: Sleeping          |     3 |     1 |       ||     4
 Armour: Animal skin       |    21 |    17 |    18 ||    56
         Skin              |       |     1 |       ||     1
  Dodge: Dodged            |    41 |   101 |    92 ||   234
   Form: Flux              |       |       |     1 ||     1

Illustrated notes

Table legend:
 A = Kills in this place as a percentage of kills in the entire game.
 B = Kills by you in this place as a percentage of kills by you in the entire game.
 C = Kills by friends in this place as a percentage of kills by friends in the entire game.
 D = Other kills in this place as a percentage of other kills in the entire game.
 E = Experience gained in this place as a percentage of experience gained in the entire game.
 F = Experience gained in this place divided by the number of levels of this place that you have seen.
                   A       B       C       D       E      F
               +-------+-------+-------+-------+-------+----------------------
         Total | 100.0 | 100.0 | 100.0 |   N/A | 100.0 | 239.9
       Dungeon |  94.2 |  94.0 | 100.0 |   N/A |  91.6 | 292.8
         Sewer |   5.8 |   6.0 |   0.0 |   N/A |   8.4 | 162.0
               +-------+-------+-------+-------+-------+----------------------

Table legend: (Time is in decaauts)
 A = Elapsed time spent in this place.
 B = Non-inter-level travel time spent in this place.
 C = Inter-level travel time spent in this place.
 D = Time resting spent in this place.
 E = Time spent auto-exploring this place.
 F = Levels seen in this place.
 G = Mean time per level.
                   A        B        C        D        E       F      G
               +--------+--------+--------+--------+--------+-----+--------+
         Total |   6285 |   6180 |    105 |    191 |   4913 |   8 |  785.6 |
       Dungeon |   5962 |   5871 |     91 |    100 |   4797 |   6 |  993.7 |
        Temple |     16 |      2 |     14 |      0 |      0 |   1 |   16.0 |
         Sewer |    307 |    307 |      0 |     91 |    116 |   1 |  307.0 |
               +--------+--------+--------+--------+--------+-----+--------+

Top non-repeatable levels by time:
     D:5: 1633 daAuts
     D:4: 1483 daAuts
     D:2: 887 daAuts
     D:1: 813 daAuts
     D:3: 681 daAuts
     D:6: 461 daAuts
   Sewer: 307 daAuts
  Temple: 16 daAuts
